 Dungeon Crawl Stone Soup version 0.25-a0-663-gace7076f2c (webtiles) character file.

Game seed: 11222441623858942695, levelgen mode: deterministic

172 kae the Gusty (level 5, 0/28 HPs)
             Began as a Tengu Air Elementalist on Mar 25, 2020.
             Shot with an arrow by a centaur (8 damage)
             ... on level 4 of the Dungeon.
             The game lasted 00:03:10 (3251 turns).

kae the Gusty (Tengu Air Elementalist)              Turns: 3251, Time: 00:03:11

Health: 0/28       AC:  2    Str:  9    XL:     5   Next: 52%
Magic:  4/10       EV: 12    Int: 16    God:
Gold:   89         SH:  0    Dex: 14    Spells: 6/10 levels left

rFire    . . .     SeeInvis .   h - +2 whip (freeze)
rCold    + . .     Gourm    .   (no shield)
rNeg     . . .     Faith    .   r - +0 robe {rC+}
rPois    .         Spirit   .   (helmet restricted)
rElec    .         Reflect  .   (no cloak)
rCorr    .         Harm     .   (no gloves)
MR       +....                  (boots unavailable)
Stlth    ++........             (no amulet)
HPRegen  0.09/turn              o - ring of protection from magic
MPRegen  0.12/turn              (no ring)

@: no status effects
A: beak, talons 3, able to fly
a: Fly


You were on level 4 of the Dungeon.
You were hungry.

You visited 1 branch of the dungeon, and saw 4 of its levels.

You collected 89 gold pieces.

Inventory:

Hand Weapons
 h - a +2 whip of freezing (weapon)
Armour
 r - a +0 robe of cold resistance (worn)
Jewellery
 o - a ring of protection from magic (left hand)
Scrolls
 d - a scroll of magic mapping {unknown}
 g - 2 scrolls of identify {unknown}
 j - a scroll of teleportation {unknown}
 l - 2 scrolls of remove curse {unknown}
 m - 3 scrolls of enchant weapon {unknown}
 p - a scroll of enchant armour {unknown}
Potions
 b - a potion of might {unknown}
 e - a potion of brilliance {unknown}
 f - a potion of invisibility {unknown}
 i - 2 potions of flight {unknown}
 k - 3 potions of lignification {unknown}
 n - a potion of haste {unknown}
 q - a potion of degeneration {unknown}
Comestibles
 c - 7 rations


   Skills:
 - Level 2.1 Dodging
 - Level 2.0 Stealth
 + Level 3.0 Spellcasting
 + Level 3.5 Conjurations
 * Level 6.3 Air Magic


You had 6 spell levels left.
You knew the following spells:

 Your Spells              Type           Power        Failure   Level  Hunger
a - Shock                 Conj/Air       ###.         2%          1    #......
b - Static Discharge      Conj/Air       ###.....     8%          3    ###....

Your spell library contained the following spells:

 Spells                   Type           Power        Failure   Level  Hunger
 Swiftness                Chrm/Air       ##......     8%          2    ##.....
 Airstrike                Air            ###.......   14%         4    #####..
 Lightning Bolt           Conj/Air       ###.......   56%         5    ######.


Dungeon Overview and Level Annotations

Branches:
Dungeon (4/15)
 Temple: D:4-7

Altars:
Qazlal

Shops:
D:4 (

Annotations:
D:4 exclusion: ogre


Innate Abilities, Weirdness & Mutations

You have a beak for a mouth.
You have claws for feet.
You can fly continuously.


Message History

Confirm with . or Enter, or press ? or * to list all spells.
Aiming: Shock (safe; 2% risk of failure)
Press: ? - help, Shift-Dir - straight line, f/p - ball python
Aim: a ball python (severely wounded)
The zap hits the ball python.
You kill the ball python!
The centaur shoots an arrow.
The arrow hits you.
A centaur comes into view.
Casting: Shock (safe; 2% risk of failure)
Confirm with . or Enter, or press ? or * to list all spells.
Aiming: Shock (safe; 2% risk of failure)
Press: ? - help, Shift-Dir - straight line, f - centaur
Aim: a centaur, wielding a +0 shortbow and quivering 21 arrows The zap hits the centaur.
The centaur is lightly wounded.
The centaur shouts!
The centaur shoots an arrow.
The arrow hits you!
* * * LOW HITPOINT WARNING * * *
The centaur shoots an arrow.
The arrow hits you!
You die...

O..........<.........
#.....................
###....##8#......(......
[.....................<.
.....####...............
.........∩..............
...................#....
#..#.......#####..(####.
.......@.8.# ##$. #.
.......$...# ##. .
.......†...# .
##.##...#### #. ##... .
#c#. .. . #. .$


You could see a centaur.

Vanquished Creatures
  Jessica (D:3)
  A howler monkey skeleton (D:2)
  5 adders
  An adder skeleton (D:4)
  2 worms (D:2)
  3 dart slugs
  2 leopard geckos
  2 orcs (D:3)
  5 giant cockroaches
  5 goblins
  13 hobgoblins
  4 jackals (D:1)
  3 ball pythons
  6 bats
  3 frilled lizards
  7 kobolds
  10 rats
73 creatures vanquished.

Notes
Turn   | Place    | Note
-------+----------+-------------------------------------------
     0 | D:1      | kae the Tengu Air Elementalist began the quest for the Orb.
     0 | D:1      | Reached XP level 1. HP: 10/10 MP: 4/4
     0 | D:1      | Noticed a spriggan
     0 | D:1      | Noticed a formicid
     2 | D:1      | Noticed a vampire
     2 | D:1      | Noticed a draconian
     4 | D:1      | Noticed a felid
     5 | D:1      | Noticed a naga
     6 | D:1      | Noticed a gargoyle
     7 | D:1      | Noticed a minotaur
     8 | D:1      | Noticed a gargoyle
    10 | D:1      | Noticed a dwarf
    10 | D:1      | Noticed a troll
    12 | D:1      | Noticed a gargoyle
    12 | D:1      | Noticed a ghoul
    14 | D:1      | Noticed a human
    14 | D:1      | Noticed a human
    16 | D:1      | Noticed a human
    18 | D:1      | Noticed a troll
   393 | D:1      | Reached XP level 2. HP: 14/15 MP: 0/6
   939 | D:1      | Reached XP level 3. HP: 19/19 MP: 2/7
  1450 | D:2      | Reached skill level 5 in Air Magic
  1638 | D:2      | Learned a level 3 spell: Static Discharge
  1640 | D:2      | You fall into a shaft and drop 2 floors!
  1643 | D:4      | Found a stormy altar of Qazlal.
  1764 | D:3      | Reached XP level 4. HP: 24/24 MP: 3/8
  2557 | D:2      | Gained mutation: You can fly continuously. [Tengu growth]
  2557 | D:2      | Reached XP level 5. HP: 28/28 MP: 3/10
  2713 | D:2      | Reached skill level 6 in Air Magic
  2744 | D:3      | Noticed Jessica
  2749 | D:3      | Killed Jessica
  3219 | D:4      | Found Erreunaq's Antique Weapon Boutique.
  3232 | D:4      | Noticed an ogre
  3248 | D:4      | Noticed a centaur
  3250 | D:4      | Noticed a centaur
  3251 | D:4      | Shot with an arrow by a centaur

Levels and vault maps discovered:
D:1:      shiori_arrival_whats_in_store_for_you, layout_basic
D:2:      minmay_evil_eye, layout_rooms
D:3:      layout_basic, uniq_jessica
D:4:      layout_rooms, grunt_qazlal_sundering, serial_shops,
          kennysheep_mini_moat, shop, shop, shop_statue, nrook_mini_backslash,
          minmay_manual_mares

Skill      XL: |  1  2  3  4  5 |
---------------+----------------+-----
Conjurations   | 2 3 |  3.5
Air Magic      | 5 6 |  6.3
Spellcasting   | 3 |  3.0
Dodging        | |  2.1
Stealth        | |  2.0

Action                   |  1- 3 |  4- 6 || total
-------------------------+-------+-------++-------
Melee: Unarmed           |    23 |       ||    23
       Kick              |     9 |     1 ||    10
       Peck              |     6 |       ||     6
       Whip              |     6 |    11 ||    17
 Cast: Shock             |    79 |    86 ||   165
  Eat: Chunk             |     4 |     4 ||     8
Armor: Robe              |     6 |    14 ||    20
Dodge: Dodged            |    17 |    18 ||    35

Table legend:
 A = Non-vault XP
 B = Vault XP
 C = Vault XP percentage of total XP
 D = Non-vault monster count
 E = Vault monster count
 F = Vault count percentage of total count
                 A         B        C        D         E       F
            +---------+---------+-------+---------+---------+-------
      Total |     192 |      54 |  22.0 |      69 |       4 |   5.5
            +---------+---------+-------+---------+---------+-------
        D:1 |      42 |       0 |   0.0 |      22 |       0 |   0.0
        D:2 |      86 |      17 |  16.5 |      27 |       3 |  10.0
        D:3 |      55 |      37 |  40.2 |      17 |       1 |   5.6
        D:4 |       9 |       0 |   0.0 |       3 |       0 |   0.0
            +---------+---------+-------+---------+---------+-------
